 Dungeon Crawl Stone Soup version 0.30-a0-920-g7493c07aab (webtiles) character file.

Game seed: 17863937713620861585

152 cforsyth the Shield-Bearer (level 5, -1/42 HPs)
             Began as a Human Fighter on Mar 22, 2023.
             Slain by a black bear (5 damage)
             ... on level 3 of the Dungeon.
             The game lasted 00:02:18 (2287 turns).

cforsyth the Shield-Bearer (Human Fighter)          Turns: 2287, Time: 00:02:18

Health: -1/42      AC:  7    Str: 18    XL:     5   Next: 60%
Magic:  5/5        EV:  7    Int:  8    God:
Gold:   86         SH:  9    Dex: 13    Spells: 4/4 levels left

rFire   . . .      SeeInvis .    g - +2 flail (holy)
rCold   . . .      Faith    .    p - +0 kite shield
rNeg    . . .      Spirit   .    b - +0 scale mail
rPois   .          Reflect  .    (no helmet)
rElec   .          Rampage  .    (no cloak)
rCorr   .                        (no gloves)
Will    .....                    (no boots) Stlth
                                 (no amulet)
HPRegen 0.27/turn                (no ring)
MPRegen 0.09/turn                (no ring)

@: no status effects
A: no striking features
a: no special abilities


You were on level 3 of the Dungeon.
You visited 1 branch of the dungeon, and saw 3 of its levels.

You collected 86 gold pieces.

Inventory:

Hand Weapons
 a - a +0 flail
 g - a +2 flail of holy wrath (weapon)
Armour
 b - a +0 scale mail (worn)
 c - a +0 buckler
 p - a +0 kite shield (worn)
Jewellery
 o - a ring of magical power
Scrolls
 e - a scroll of vulnerability {unknown}
 j - a scroll of poison {unknown}
 k - a scroll of magic mapping {unknown}
 l - a scroll of enchant weapon {unknown}
 n - a scroll of summoning {unknown}
 r - 2 scrolls of enchant armour {unknown}
Potions
 d - a potion of might
 f - a potion of brilliance {unknown}
 h - 2 potions of curing {unknown}
 i - a potion of mutation {unknown}
 m - a potion of heal wounds {unknown}
 q - a potion of resistance {unknown}
 s - 2 potions of degeneration {unknown}


   Skills:
 + Level 3.9 Fighting
 + Level 3.1 Maces & Flails
 + Level 3.8 Armour
 + Level 3.9 Shields


You had 4 spell levels left.
You didn't know any spells.
Your spell library contained the following spells:

 Spells                   Type           Power      Damage    Failure   Level
 Beastly Appendage        Tmut           0%         N/A       99%         1
 Summon Small Mammal      Summ           0%         N/A       99%         1
 Wereblood                Tmut           0%         N/A       99%         2
 Call Canine Familiar     Summ           0%         N/A       100%        3
 Spider Form              Tmut/Pois      0%         N/A       100%        3
 Summon Guardian Golem    Hex/Summ       0%         N/A       100%        3


Dungeon Overview and Level Annotations

Branches:
Dungeon (3/15)

Altars:


Message History

You block the black bear's attack.
You hit the black bear.
The black bear is severely wounded.
The black bear goes berserk!
You block the black bear's attack. The black bear completely misses you.
The black bear claws you but does no damage.
You barely miss the black bear.
The black bear is severely wounded.
The black bear barely misses you. The black bear claws you. x2
The black bear bites you! The black bear closely misses you.
The black bear claws you but does no damage.
You are too injured to fight recklessly!
You are too injured to fight recklessly!
You are too injured to fight recklessly!
You are too injured to fight recklessly!
You are too injured to fight recklessly!
You are too injured to fight recklessly!
You are too injured to fight recklessly!
You closely miss the black bear.
The black bear is severely wounded.
The black bear closely misses you. You block the black bear's attack.
The black bear claws you but does no damage.
The black bear barely misses you. You block the black bear's attack.
The black bear claws you but does no damage.
You hit the black bear.
The black bear is almost dead.
The black bear bites you. The black bear closely misses you.
The black bear claws you.
* * * LOW HITPOINT WARNING * * *
The black bear closely misses you. The black bear claws you.
* * * LOW HITPOINT WARNING * * *
The black bear barely misses you.
You closely miss the black bear.
The black bear is almost dead.
The black bear bites you.
* * * LOW HITPOINT WARNING * * *
You block the black bear's attack.
The black bear claws you but does no damage.
You block the black bear's attack. The black bear claws you.
You die...

.#.##.####.#.##.#..........#....#
.#.........#......).#...#..#...##
.#<...####.#.##.##..#...#..#....#
.#...####### #............#.####
.#.......... ...#....#.#..#....#
.#.#.####### #......#......####..
.#.#.# #####+#.............##..
##.#.# .......############.##..
...#.# ......h@..........#.#...
#..#.# .......##########.#.#...
.#.#.# ....... ######'#.....
.~...# ....... .........#....
~.~#.# ....... .........#....
.~..#.# ...................#...#
~...#.# ######.............+...#
~...#.# #....##########...#
~...#.# #.............+...#


You could see a black bear (berserk).

Vanquished Creatures
  5 gnolls
  5 adders
  3 dart slugs
  An orc (D:3)
  A ball python (D:2)
  2 bats (D:2)
  7 endoplasms
  4 hobgoblins
  3 jackals (D:2)
  2 quokkas
  3 frilled lizards
  7 goblins
  4 kobolds
  6 rats
53 creatures vanquished.

Notes
Turn   | Place    | Note
-------+----------+-------------------------------------------
     0 | D:1      | cforsyth the Human Fighter began the quest for the Orb.
     0 | D:1      | Reached XP level 1. HP: 18/18 MP: 1/1
   262 | D:1      | Reached XP level 2. HP: 24/24 MP: 2/2
   466 | D:1      | Reached XP level 3. HP: 21/29 MP: 3/3
  1027 | D:1      | Reached XP level 4. HP: 12/35 MP: 4/4
  1603 | D:2      | Reached XP level 5. HP: 42/42 MP: 5/5
  2117 | D:3      | Found a faded altar of an unknown god.
  2276 | D:3      | Noticed a black bear
  2287 | D:3      | Slain by a black bear

Illustrated notes

Levels and vault maps discovered:
D:1:      psy_arrival_conway, layout_loops_cross
D:2:      layout_basic, minivault_11, patterned_corridor
D:3:      layout_basic, shapermc_ecumenical_altar_starsandcircs, serial_shops,
          shop_fountains

Skill      XL: |  1  2  3  4  5 |
---------------+----------------+-----
Maces & Flails | 3 |  3.1
Fighting       | |  3.9
Armour         | |  3.8
Shields        | |  3.9

Action                     |  1- 3 |  4- 6 || total
---------------------------+-------+-------++-------
  Melee: Flail             |    63 |    98 ||   161
 Armour: Scale mail        |    30 |    56 ||    86
  Dodge: Dodged            |    22 |    37 ||    59
  Block: Buckler           |    17 |    18 ||    35
         Kite shield       |       |    19 ||    19

Table legend: (Time is in decaauts)
 A = Elapsed time spent in this place.
 B = Non-inter-level travel time spent in this place.
 C = Inter-level travel time spent in this place.
 D = Time resting spent in this place.
 E = Time spent auto-exploring this place.
 F = Levels seen in this place.
 G = Mean time per level.
                   A        B        C        D        E       F      G
               +--------+--------+--------+--------+--------+-----+--------+
         Total |   2346 |   2268 |     78 |    293 |   1537 |   3 |  782.0 |
       Dungeon |   2346 |   2268 |     78 |    293 |   1537 |   3 |  782.0 |
               +--------+--------+--------+--------+--------+-----+--------+

Top non-repeatable levels by time:
     D:1: 1163 daAuts
     D:2: 920 daAuts
     D:3: 262 daAuts
